 Dungeon Crawl Stone Soup version 0.29-a0-350-g7790a0e70a (webtiles) character file.

Game seed: 18103201488076045727

68 sammy202020 the Skirmisher (level 4, -4/41 HPs)
             Began as a Minotaur Fighter on Apr 23, 2022.
             Slain by Grinder (6 damage)
             ... on level 3 of the Dungeon.
             The game lasted 00:02:15 (2218 turns).

sammy202020 the Skirmisher (Minotaur Fighter)       Turns: 2218, Time: 00:02:16

Health: -4/41      AC:  7    Str: 21    XL:     4   Next: 1%
Magic:  3/3        EV:  9    Int:  7    God:
Gold:   92         SH:  4    Dex:  9    Spells: 3/3 levels left

rFire   . . .      SeeInvis .   a - +1 war axe
rCold   . . .      Faith    .   c - +0 buckler
rNeg    . . .      Spirit   .   b - +0 scale mail
rPois   .          Reflect  .   (helmet unavailable)
rElec   .          Harm     .   (no cloak)
rCorr   .          Rampage  .   (no gloves)
Will    .....                   (no boots)
Stlth   ..........              (no amulet)
HPRegen 0.13/turn               (no ring)
MPRegen 0.08/turn               (no ring)

@: mighty, unable to read
A: horns 3, retaliatory headbutt, inability to read while threatened
a: no special abilities


You were on level 3 of the Dungeon.
You visited 1 branch of the dungeon, and saw 3 of its levels.

You collected 92 gold pieces.

Inventory:

Hand Weapons
 a - a +1 war axe (weapon)
 n - a +0 war axe
Missiles
 j - 4 poisoned darts (quivered)
Armour
 b - a +0 scale mail (worn)
 c - a +0 buckler (worn)
Jewellery
 e - a ring of poison resistance
 l - an amulet of magic regeneration
Scrolls
 f - a scroll of torment
Potions
 h - a potion of magic
 i - 2 potions of haste {unknown}
 k - a potion of attraction {unknown}
 m - 2 potions of heal wounds {unknown}
 o - a potion of berserk rage {unknown}
 p - a potion of lignification {unknown}
 u - a potion of curing {unknown}


   Skills:
 * Level 4.5 Fighting
 * Level 3.5 Axes
 + Level 4.1 Armour
 + Level 4.1 Shields


You had 3 spell levels left.
You didn't know any spells.
Your spell library contained the following spells:

 Spells                   Type           Power      Damage    Failure   Level
 Summon Small Mammal      Summ           0%         N/A       85%         1
 Call Canine Familiar     Summ           0%         N/A       99%         3
 Gell's Gravitas          Tloc           0%         N/A       99%         3
 Inner Flame              Hex/Fire       0%         N/A       99%         3
 Teleport Other           Tloc           0%         N/A       99%         3
 Cause Fear               Hex            0%         N/A       100%        4
 Summon Ice Beast         Ice/Summ       0%         N/A       100%        4
 Dispersal                Tloc           0%         N/A       100%        6
 Monstrous Menagerie      Summ           0%         N/A       100%        7
 Discord                  Hex            0%         N/A       100%        8


Dungeon Overview and Level Annotations

Branches:
Dungeon (3/15)

Altars:

Annotations:
D:3 Grinder


Innate Abilities, Weirdness & Mutations

You have a pair of large horns on your head.
You reflexively headbutt those who attack you in melee.
You sometimes lose the ability to read scrolls when taking damage.


Message History

It is a scroll of enchant weapon.
Your +0 war axe glows red for a moment.
You closely miss Grinder. Your headbutt misses Grinder.
You block Grinder's attack. Grinder hits you.
You slash Grinder! Your headbutt misses Grinder.
Grinder is moderately wounded.
Grinder gestures at you. Pain shoots through your body!
You closely miss Grinder. Your headbutt misses Grinder.
Grinder is moderately wounded.
Grinder gestures at you. Pain shoots through your body!
You slash Grinder! Your headbutt misses Grinder.
Grinder is severely wounded.
Grinder hits you.
* * * LOW HITPOINT WARNING * * *
You writhe in agony.
* * * LOW HITPOINT WARNING * * *
Grinder gestures at you.
You barely resist.
Sorry, you're not good enough to have a special ability.
Sorry, you're not good enough to have a special ability.
It was a potion of mutation.
You feel extremely strange.
You lose the ability to read scrolls when threatened.
The horns on your head grow some more. Grinder closely misses you.
Sorry, you're not good enough to have a special ability.
Okay, then.
You feel very mighty all of a sudden. Grinder gestures at you.
You suddenly lose the ability to move!
Grinder hits you but does no damage.
Grinder blinks!
You can move again.
Grinder rolls her eyes.
Grinder hits you!
You feel threatened and lose the ability to read scrolls!
* * * LOW HITPOINT WARNING * * *
You writhe in agony.
You die...

**,*,,,,,,,,,,,*#.....#.#..#.....
,,,*,,,,,,,....*#.....#....##....
,******,,,,,..^*#.....#......##.#
,+,,,,*,,,,,,..##.......##.#.##.#
,*,,,,****+**#.............#.##.#
,*,,,,,*,,,,,#..###.....##.#....#
***,,,,*,,,,,#..###.....##...####
,,,,,,,*,,,,,#..5##......#.#.# #
,,,,,,,*,,,,,**#@#...........# #
,,,,,,,**,,,** #ยง#.....#...### #
,,,,,,,***,** #.#.....##..# #
,,,,,,,* *_* ###.#.######..# #
,,,,,,,***,**#...#.#### #..#**
*********,,,*#........# #...,*
*****,,,,,#.##.###+#**,,..*
*,,,*,,,,,#.,#.#,,,,,,,,,,*
*,,,*,,,,,##*#.#,,,,,,,,,,*


You could see Grinder.

Vanquished Creatures
  3 adders (D:2)
  A dart slug (D:1)
  2 ball pythons
  4 bats
  3 endoplasms
  3 goblins
  5 hobgoblins
  4 jackals (D:1)
  3 quokkas (D:2)
  4 frilled lizards
  4 kobolds
  A rat (D:3)
37 creatures vanquished.

Vanquished Creatures (others)
  6 plants
  A withered plant (D:3)
7 creatures vanquished.

Grand Total: 44 creatures vanquished

Notes
Turn   | Place    | Note
-------+----------+-------------------------------------------
     0 | D:1      | sammy202020 the Minotaur Fighter began the quest for the
                  | Orb.
     0 | D:1      | Reached XP level 1. HP: 19/19 MP: 0/0
   171 | D:1      | Got the Volume of Calling
   304 | D:1      | Reached XP level 2. HP: 20/27 MP: 1/1
  1199 | D:2      | Reached XP level 3. HP: 4/33 MP: 2/2
  2202 | D:3      | Reached XP level 4. HP: 40/41 MP: 3/3
  2203 | D:3      | Noticed Grinder
  2213 | D:3      | Gained mutation: You sometimes lose the ability to read
                  | scrolls when taking damage. [potion of mutation]
  2213 | D:3      | Gained mutation: You have a pair of large horns on your
                  | head. [potion of mutation]
  2214 | D:3      | Paralysed by Grinder for 3 turns
  2218 | D:3      | HP: 2/41 [Grinder (8)]
  2218 | D:3      | Slain by Grinder

Illustrated notes

Levels and vault maps discovered:
D:1:      nzn_arrival_water_spiral, layout_basic, serial_bayou_ford_a
D:2:      layout_loops_ring
D:3:      layout_basic, shapermc_ecumenical_altar_flowoftime,
          minmay_misc_feat_ornament, uniq_terence, uniq_grinder

Skill      XL: |  1  2  3 |
---------------+----------+-----
Fighting       | 4 |  4.5
Axes           | 3 |  3.5
Armour         | 4 |  4.1
Shields        | 4 |  4.1

Action                   |  1- 3 |  4- 6 || total
-------------------------+-------+-------++-------
Melee: War axe           |    92 |     4 ||    96
       Headbutt          |     7 |       ||     7
  Use: Scroll            |     3 |     4 ||     7
       Potion            |       |     2 ||     2
Armor: Scale mail        |    46 |     1 ||    47
Dodge: Dodged            |    43 |     1 ||    44
Block: Buckler           |    28 |     1 ||    29

Table legend: (Time is in decaauts)
 A = Elapsed time spent in this place.
 B = Non-inter-level travel time spent in this place.
 C = Inter-level travel time spent in this place.
 D = Time resting spent in this place.
 E = Time spent auto-exploring this place.
 F = Levels seen in this place.
 G = Mean time per level.
                   A        B        C        D        E       F      G
               +--------+--------+--------+--------+--------+-----+--------+
         Total |   2265 |   2227 |     38 |      0 |   1924 |   3 |  755.0 |
       Dungeon |   2265 |   2227 |     38 |      0 |   1924 |   3 |  755.0 |
               +--------+--------+--------+--------+--------+-----+--------+

Top non-repeatable levels by time:
     D:2: 1329 daAuts
     D:1: 810 daAuts
     D:3: 125 daAuts
